 Dungeon Crawl Stone Soup version 0.21.0-3-g78d12a8 (webtiles) character file.

1585 tidbits the Sneak (level 8, 0/37 HPs)
             Began as a Vine Stalker Conjurer on Jan 10, 2018.
             Was a Believer of Wu Jian.
             Killed by divine providence
             ... invoked by an orc priest
              (12 damage)
             ... on level 8 of the Dungeon.
             The game lasted 00:25:59 (2932 turns).

tidbits the Sneak (Vine Stalker Conjurer)           Turns: 2932, Time: 00:26:00

Health: 0/37       AC: 12    Str: 12 (14) XL:     8   Next: 92%
Magic:  0/12       EV: 11    Int: 19      God:    Wu Jian [**....]
Gold:   280        SH:  5    Dex: 12      Spells: 8/11 levels left

rFire    . . .     SeeInvis .   b - +0 rapier
rCold    . . .     Gourm    .   D - +0 buckler
rNeg     . . .     Faith    .   B - +4 ring mail of the Sturgeon {Int+4}
rPois    .         Spirit   +   E - +0 helmet
rElec    .         Reflect  .   (no cloak)
rCorr    .         Harm     .   (no gloves)
MR       +....                  (no boots)
Stlth    +++.......             (no amulet)
HPRegen  0.52/turn              y - +2 ring of slaying
MPRegen  0.13/turn              (no ring)

@: no status effects
A: fangs 3, thin metallic scales 1, clumsy 1, frail 1, regeneration 1, screaming
1, magic shield, antimagic bite, no potion heal 3, rot immunity
a: Wall Jump, Renounce Religion


You were on level 8 of the Dungeon.
You worshipped Wu Jian.
Wu Jian was pleased with you.
You were not hungry.

You visited 1 branch of the dungeon, and saw 8 of its levels.
You also visited: Bailey.

You collected 280 gold pieces.

Inventory:

Hand Weapons
 a - a +0 dagger
 b - a +0 rapier (weapon)
 e - a +0 quarterstaff
 g - a +0 dagger
 j - a -1 trident
 m - a +0 broad axe
 o - a +0 trident
Missiles
 u - 66 arrows
 z - 2 tomahawks (quivered)
Armour
 l - a +0 ring mail
 B - the +4 ring mail of the Sturgeon (worn) {Int+4}
   (You found it on level 7 of the Dungeon)

   It affects your intelligence (+4).
 D - a +0 buckler (worn)
 E - a +0 helmet (worn)
Jewellery
 y - a +2 ring of slaying (left hand)
   (You found it on level 6 of the Dungeon)
Wands
 w - a wand of flame (2)
Scrolls
 d - 2 scrolls of immolation {unknown}
 i - a scroll of amnesia {unknown}
 n - a scroll of magic mapping
 p - a scroll of teleportation
 r - 2 scrolls of remove curse
 s - 2 scrolls of fog
 t - a scroll of noise
Potions
 f - a potion of degeneration
 h - 4 potions of curing
 k - a potion of flight
 v - a potion of magic
Books
 q - a book of Conjurations

   Spells                             Type                      Level
   a - Magic Dart                     Conjuration                  1
   b - Searing Ray                    Conjuration                  2
   c - Dazzling Spray                 Conjuration/Hexes            3
   d - Fulminant Prism                Conjuration/Hexes            4
   e - Force Lance                    Conjuration/Translocation    4
   f - Iskenderun's Mystic Blast      Conjuration                  4
Comestibles
 c - 9 rations
 x - a chunk of flesh


   Skills:
 + Level 4.9 Fighting
 + Level 4.3 Short Blades
 + Level 2.5 Dodging
 + Level 7.7 Stealth
 - Level 4.0 Shields
 - Level 1.2 Unarmed Combat
 - Level 2.1 Spellcasting
 - Level 4.0 Conjurations


You had 8 spell levels left.
You knew the following spells:

 Your Spells              Type           Power        Failure   Level  Hunger
a - Magic Dart            Conj           ###.         8%          1    #......
r - Searing Ray           Conj           ###...       11%         2    ##.....


Dungeon Overview and Level Annotations

Branches:
Dungeon (8/15)             Temple (0/1) D:5
   Lair: D:8-11

Altars:
Elyvilon
Nemelex Xobeh
Wu Jian
Xom

Shops:
D:7 %

Annotations:
D:3 dscm's ghost, weakling OpNe
D:4 komo4ek's ghost, amateur HuIE
D:5 exclusion: zombie


Innate Abilities, Weirdness & Mutations

You have razor-sharp teeth.
Your natural rate of healing is unusually fast.
When hurt, damage is shared between your health and your magic reserves.
Your bite disrupts and absorbs the magic of your enemies.
Potions cannot restore your health.
You are immune to rotting.
You are partially covered in thin metallic scales. (AC +2)
You are clumsy. (Dex -2)
You are frail. (-10% HP)
You occasionally shout uncontrollably at your foes.


Message History

You drain its power.
You feel invigorated.
You kill the worker ant!
The Council accepts your kill.
You see here a ball python corpse.
You butcher the ball python corpse.
x - 2 chunks of flesh You see here a ball python skeleton.
Eat one of 2 chunks of flesh? (ye/n/q)
You eat one of the 2 chunks of flesh.
This raw flesh tastes terrible.
An adder comes into view.
You lunge at the adder.
The helpless adder fails to defend itself.
You impale the adder!!
You kill the adder!
The Council accepts your kill.
An ogre comes into view. It is wielding a giant club.
Found 9 gold pieces.
You lunge at the ogre.
The helpless ogre fails to defend itself.
You skewer the ogre like a kebab!!!
You kill the ogre!
The Council accepts your kill.
You see here a giant club.
You now have 270 gold pieces (gained 9).
Found 14 gold pieces.
You enter a teleport trap!
The teleport trap disappears.
Your surroundings suddenly seem different.
Found 10 gold pieces.
Found a potion of curing.
You now have 280 gold pieces (gained 10).
h - 4 potions of curing (gained 1)
Found a stone staircase leading up.
Found 25 bolts.
An orc priest comes into view. It is wielding a whip.
An orc priest comes into view. It is wielding a club.
The orc priest shouts!
You hear a shout! x5
An orc comes into view. It is wielding a short sword.
The orc priest looks braver for a moment.
An orc warrior comes into view. It is wielding a mace.
Evoke which item? (* to show all) (? for menu, Esc to quit)
Aiming: Throw Flame
Press: ? - help, Shift-Dir - straight line, f - orc priest
Aim: an orc priest, wielding a club and wearing a ring mail (hasn't noticed you)
The puff of flame hits the orc priest.
The orc priest appears unharmed.
The orc priest shouts!
The orc warrior shouts!
You hear a shout! x2
The orc priest miscasts a cantrip.
You hear a shout!
Casting: Searing Ray
Confirm with . or Enter, or press ? or * to list all spells.
Aiming: Searing Ray
Press: ? - help, Shift-Dir - straight line, f - orc warrior, p - orc priest
Aim: an orc warrior, wielding a mace and wearing a plate armour The searing ray hits the orc warrior. (Press . to maintain the ray.)
The searing ray misses the orc warrior.
The searing ray hits the orc priest.
The orc priest is heavily wounded.
The orc warrior barely misses you.
The searing ray hits the orc warrior.
The orc warrior is lightly wounded.
The orc priest mumbles some strange prayers to Beogh against you.
Beogh smites you! You block the orc warrior's attack.
You hear a shout! x2
Something shouts, "Slither hence, thou unhinged moldwarp gnoll-tail!"
The searing ray hits the orc warrior.
The orc warrior is moderately wounded.
The searing ray hits the orc priest.
The orc priest is almost dead.
You finish channeling your searing ray.
The orc warrior hits you but does no damage.
Casting: Searing Ray
Confirm with . or Enter, or press ? or * to list all spells.
Aiming: Searing Ray
Press: ? - help, Shift-Dir - straight line, f/p - orc priest
Aim: an orc priest, wielding a club and wearing a ring mail The searing ray hits the orc warrior.
The orc warrior is moderately wounded. (Press . to maintain the ray.)
The orc priest calls down the wrath of Beogh upon you.
Beogh smites you!
* * * LOW HITPOINT WARNING * * *
You block the orc warrior's attack.
The searing ray hits the orc warrior.
The orc warrior is heavily wounded.
The orc warrior closely misses you.
An orc wizard comes into view. It is wielding a dagger.
The searing ray hits the orc warrior.
The orc warrior is heavily wounded.
The orc priest calls down the wrath of Beogh upon you.
Beogh smites you!
* * * LOW HITPOINT WARNING * * *
Unknown command.
Without enough magic to sustain it, your searing ray dissipates.
The orc priest calls upon Beogh to heal the orc warrior.
The orc warrior is healed somewhat.
The orc warrior hits you but does no damage.
Unknown command.
Okay, then.
The orc priest calls down the wrath of Beogh upon you.
Beogh smites you!
You die...

.. ########.#
#........# #........#
#........#
##########........###
..............<......
##########.......##
###......@#####.##
#..........oooo..#
#.##..(..####oo... #.
#.##.## ... # #.##.#
. #.##.# #.##.# ##
#.##.#... #.#......


You could see an orc warrior, 2 orc priests, an orc wizard and 2 orcs.

Vanquished Creatures
  Menkaure (D:7)
  Duvessa (D:5)
  An ice beast (D:6)
  A sky beast (D:5)
  A phantom (D:5)
  An eye of draining (D:8)
  A centaur (D:5)
  2 ogres
  A bullfrog (D:6)
  Dowan (D:5)
  A scorpion (D:7)
  A wight (D:6)
  A jelly (D:5)
  A gnoll (D:7)
  An orc priest (D:6)
  A hound (D:7)
  4 orc wizards
  3 worker ants
  2 hound skeletons (D:5)
  5 adders
  An ooze (D:6)
  An adder zombie (D:5)
  An adder skeleton (D:6)
  A worm (D:5)
  2 dart slugs (D:1)
  2 leopard geckos (D:1)
  9 orcs
  3 bats
  2 giant cockroaches
  A hobgoblin (D:2)
  3 jackals
  A ball python (D:8)
  4 frilled lizards
  6 goblins
  3 kobolds
  A quokka zombie (D:5)
  2 rats (D:1)
74 creatures vanquished.

Vanquished Creatures (collateral kills)
  An orc wizard (D:7)
  2 gnolls (D:7)
3 creatures vanquished.

Vanquished Creatures (others)
  A hungry ghost (D:7)
  A gnoll (D:7)
  An orc priest (D:7)
  An orc wizard (D:7)
  A shadow imp (D:7)
5 creatures vanquished.

Grand Total: 82 creatures vanquished

Notes
Turn   | Place    | Note
-------+----------+-------------------------------------------
     0 | D:1      | tidbits the Vine Stalker Conjurer began the quest for the Orb.
     0 | D:1      | Reached XP level 1. HP: 9/9 MP: 4/4
   255 | D:1      | Reached skill level 3 in Stealth
   255 | D:1      | Reached XP level 2. HP: 14/14 MP: 4/6
   386 | D:1      | Reached skill level 1 in Fighting
   470 | D:2      | Found an ornate altar of the Wu Jian Council.
   476 | D:2      | Became a worshipper of the Wu Jian Council
   596 | D:2      | Reached XP level 3. HP: 16/18 MP: 0/7
   788 | D:1      | Reached skill level 1 in Short Blades
   898 | D:3      | Noticed dscm's ghost (weakling OpNe)
   934 | D:4      | Noticed an ogre
   963 | D:4      | Noticed komo4ek's ghost (amateur HuIE)
   994 | D:2      | Gained mutation: Your natural rate of healing is unusually fast. [Vine Stalker growth]
   994 | D:2      | Reached XP level 4. HP: 9/23 MP: 2/8
  1061 | D:3      | Noticed a sky beast
  1148 | D:5      | Entered Level 5 of the Dungeon
  1149 | D:5      | Found a staircase to the Ecumenical Temple.
  1197 | D:5      | Gained mutation: You occasionally shout uncontrollably at your foes. [potion of mutation]
  1197 | D:5      | Gained mutation: You are clumsy. (Dex -2) [potion of mutation]
  1197 | D:5      | Gained mutation: You are frail. (-10% HP) [potion of mutation]
  1197 | D:5      | Gained mutation: You are partially covered in thin metallic scales. (AC +2) [potion of mutation]
  1203 | D:5      | HP: 2/30 [acid (9)]
  1204 | D:5      | Reached * piety under Wu Jian
  1204 | D:5      | Reached skill level 2 in Fighting
  1204 | D:5      | Reached skill level 4 in Stealth
  1259 | D:5      | Reached XP level 5. HP: 23/23 MP: 7/9
  1280 | D:5      | Reached skill level 1 in Shields
  1313 | D:5      | Found a shimmering altar of Xom.
  1359 | D:5      | Reached skill level 2 in Short Blades
  1408 | D:5      | Noticed a centaur
  1458 | D:7      | Learned a level 2 spell: Searing Ray
  1467 | D:7      | Noticed Menkaure
  1479 | D:7      | Killed Menkaure
  1479 | D:7      | Reached skill level 5 in Stealth
  1479 | D:7      | Reached skill level 2 in Shields
  1479 | D:7      | Reached XP level 6. HP: 24/28 MP: 3/10
  1549 | D:7      | Reached skill level 1 in Unarmed Combat
  1663 | D:7      | Found Woont's Food Boutique.
  1697 | D:7      | Found a white marble altar of Elyvilon.
  1701 | D:7      | Noticed a hungry ghost
  1759 | D:7      | Reached skill level 3 in Fighting
  1764 | D:7      | Reached XP level 7. HP: 30/32 MP: 9/11
  1790 | D:7      | Found a flagged portal.
  1800 | D:7      | Got a brightly glowing ring mail
  1810 | Bailey   | Entered a bailey
  1810 | Bailey   | Noticed an orc knight
  1810 | Bailey   | Noticed an orc knight
  1817 | Bailey   | Noticed an orc knight
  1833 | D:7      | Identified the +4 ring mail of the Sturgeon {Int+4} (You found it on level 7 of the Dungeon)
  2098 | D:6      | Reached skill level 6 in Stealth
  2098 | D:6      | Reached skill level 3 in Shields
  2102 | D:6      | Found a sparkling altar of Nemelex Xobeh.
  2130 | D:6      | Reached skill level 3 in Short Blades
  2180 | D:6      | Reached skill level 4 in Fighting
  2180 | D:6      | Gained mutation: You have razor-sharp teeth. [Vine Stalker growth]
  2180 | D:6      | Reached XP level 8. HP: 37/37 MP: 2/12
  2267 | D:5      | Noticed Duvessa
  2267 | D:5      | Noticed Dowan
  2280 | D:5      | Killed Duvessa
  2289 | D:5      | Killed Dowan
  2326 | D:5      | Reached skill level 7 in Stealth
  2500 | D:5      | Reached skill level 4 in Shields
  2615 | D:6      | Reached skill level 4 in Short Blades
  2615 | D:6      | Reached skill level 2 in Dodging
  2622 | D:6      | Reached ** piety under Wu Jian
  2932 | D:8      | Killed from afar by an orc priest

Skill      XL: |  1  2  3  4  5  6  7  8 |
---------------+-------------------------+-----
Stealth        | 3 4 5 6 7 |  7.7
Fighting       | 1 2 3 4 |  4.9
Short Blades   | 1 2 3 4 |  4.3
Shields        | 2 3 4 |  4.0
Unarmed Combat | 1 |  1.2
Dodging        | 2 |  2.5
Spellcasting   | |  2.1
Conjurations   | |  4.0

Action                   |  1- 3 |  4- 6 |  7- 9 || total
-------------------------+-------+-------+-------++-------
Melee: Dagger            |    22 |    79 |    16 ||   117
       Bite              |     3 |    18 |    27 ||    48
       Unarmed           |       |    14 |       ||    14
       Trident           |       |     7 |     2 ||     9
       Rapier            |       |       |    60 ||    60
 Cast: Magic Dart        |    52 |    38 |    14 ||   104
       Searing Ray       |       |       |    14 ||    14
Invok: Lunge             |     2 |       |     5 ||     7
       Whirlwind         |       |     1 |     2 ||     3
       Wall Jump         |       |       |     2 ||     2
Evoke: Wand              |       |     7 |    15 ||    22
  Use: Potion            |     2 |     3 |     3 ||     8
       Scroll            |       |     7 |     4 ||    11
 Stab: Sleeping          |     1 |     2 |     5 ||     8
  Eat: Chunk             |     1 |     2 |     3 ||     6
       Ration            |       |     1 |       ||     1
Armor: Ring mail         |    15 |    36 |    38 ||    89
       Robe              |     2 |       |       ||     2
       Skin              |       |    10 |       ||    10
Dodge: Dodged            |    25 |    51 |    35 ||   111
Block: Buckler           |       |     5 |    19 ||    24

Table legend:
 A = Turns spent in this place as a percentage of turns spent in the entire game.
 B = Non-inter-level travel turns spent in this place as a percentage of non-inter-level travel turns spent in the entire game.
 C = Inter-level travel turns spent in this place as a percentage of turns spent in this place.
 D = Turns resting spent in this place as a percentage of non-inter-level travel turns spent in this place.
 E = Turns spent auto-exploring this place as a percentage of non-inter-level travel turns spent in this place.
 F = Non-inter-level travel turns spent in this place divided by the number of levels of this place that you've seen.
                   A       B       C       D       E      F
               +-------+-------+-------+-------+-------+----------------------
         Total | 100.0 | 100.0 |   3.6 |   0.0 |   0.0 | 313.9
       Dungeon |  99.4 |  99.4 |   3.7 |   0.0 |   0.0 | 351.0
        Bailey |   0.6 |   0.6 |   0.0 |   0.0 |   0.0 |  17.0
               +-------+-------+-------+-------+-------+----------------------

Table legend:
 A = Kills in this place as a percentage of kills in entire the game.
 B = Kills by you in this place as a percentage of kills by you in the entire game.
 C = Kills by friends in this place as a percentage of kills by friends in the entire game.
 D = Other kills in this place as a percentage of other kills in the entire game.
 E = Experience gained in this place as a percentage of experience gained in the entire game.
 F = Experience gained in this place divided by the number of levels of this place that you have seen.
                   A       B       C       D       E      F
               +-------+-------+-------+-------+-------+----------------------
         Total | 100.0 | 100.0 | 100.0 | 100.0 | 100.0 | 251.7
       Dungeon | 100.0 | 100.0 | 100.0 | 100.0 | 100.0 | 283.1
               +-------+-------+-------+-------+-------+----------------------

Vault maps used:
D:1:      erik_arrival_gehennom
D:2:      lemuel_round_altar
D:3:      old_standard_altar, uniq_natasha, uniq_crazy_yiuf_cottage
D:4:      trog_eyes_of_draining, first_ration, kennysheep_generic_room_9,
          uniq_edmund
D:5:      old_standard_altar, minmay_temple_entry_large_hall, uniq_eustachio,
          uniq_duvessa
D:6:      nicolae_benzene_ring, nemelex_dance_club_becter
D:7:      cheibrodos_shockbox, nicolae_overflow_crystal_walls, enter_bailey_1,
          serial_shops, kennysheep_mini_moat, uniq_menkaure
D:8:      grunt_livestock
Bailey:   bailey_polearm_4, bailey
